 Dungeon Crawl Stone Soup version 0.29.0-7-g18a832c13a (webtiles) character file.

Game seed: 9182337000406362822

39 themarg the Conjurer (level 3, -4/26 HPs)
             Began as a Draconian Conjurer on Aug 31, 2022.
             Slain by Natasha (6 damage)
             ... on level 2 of the Dungeon.
             The game lasted 00:04:36 (1642 turns).

themarg the Conjurer (Draconian Conjurer)           Turns: 1642, Time: 00:04:36

Health: -4/26      AC:  5    Str:  9    XL:     3   Next: 28%
Magic:  0/6        EV: 12    Int: 20    God:
Gold:   65         SH:  0    Dex:  9    Spells: 3/6 levels left

rFire   . . .      SeeInvis .   b - +0 dagger
rCold   . . .      Faith    .   (no shield)
rNeg    . . .      Spirit   .   (body armour unavailable)
rPois   .          Reflect  .   (helmet restricted)
rElec   .          Harm     .   (no cloak)
rCorr   .          Rampage  .   (no gloves)
Will    .....                   (no boots)
Stlth   ++........              (no amulet)
HPRegen 0.08/turn               (no ring)
MPRegen 0.10/turn               (no ring)

@: slowed, very slow
A: AC +5, unfitting armour, cold-blooded
a: no special abilities


You were on level 2 of the Dungeon.
You visited 1 branch of the dungeon, and saw 2 of its levels.

You collected 65 gold pieces.

Inventory:

Hand Weapons
 b - a +0 dagger (weapon)
Scrolls
 d - 3 scrolls of identify {unknown}
 f - a scroll of teleportation {unknown}
 g - a scroll of silence {unknown}
 i - a scroll of noise {unknown}
Potions
 a - a potion of magic
 c - a potion of lignification {unknown}
 e - 3 potions of might {unknown}
 h - 2 potions of curing {unknown}
 j - a potion of mutation {unknown}


   Skills:
 + Level 2.2 Dodging
 + Level 2.3 Stealth
 + Level 2.4 Spellcasting
 + Level 4.2 Conjurations


You had 3 spell levels left.
You knew the following spells:

 Your Spells              Type           Power      Damage    Failure   Level
a - Magic Dart            Conj           76%        1d6       2%          1
b - Searing Ray           Conj           38%        2d5       4%          2

Your spell library contained the following spells:

 Spells                   Type           Power      Damage    Failure   Level
 Sandblast                Erth           4%         2d4       16%         1
 Dazzling Flash           Conj/Hex       22%        N/A       19%         3
 Stone Arrow              Conj/Erth      22%        3d8       19%         3
 Passwall                 Tmut/Erth      1%         N/A       22%         2
 Fulminant Prism          Conj/Hex       5%         3d7       52%         4
 Iskenderun's Mystic Bla  Conj/Tloc      11%        2d4       52%         4


Dungeon Overview and Level Annotations

Branches:
Dungeon (2/15)

Altars:

Annotations:
D:2 Natasha, Terence


Innate Abilities, Weirdness & Mutations

Your plain brown scales are hard. (AC +5)
You cannot fit into any form of body armour.
You are cold-blooded and may be slowed by cold attacks.


Message History

Natasha claws you.
You hit Natasha but do no damage.
Natasha is severely wounded.
Natasha claws you.
You hit Natasha.
Natasha is almost dead.
Natasha stares at you and mumbles some strange words.
The magic dart hits you.
* * * LOW HITPOINT WARNING * * *
You hit Natasha but do no damage.
Natasha is almost dead.
Natasha stares at you and mumbles some strange words.
You feel yourself slow down.
Casting: Magic Dart (safe; 2% risk of failure)
Confirm with . or Enter, or press ? or * to list all spells.
Aiming: Magic Dart (safe; 2% risk of failure)
Press: ? - help, Shift-Dir - straight line, f/p - Natasha
Aim: Natasha (severely wounded, 100% to hit)
The magic dart hits Natasha.
Natasha is almost dead.
Natasha closely misses you.
You miss Natasha.
Natasha is almost dead.
Natasha barely misses you. Natasha misses you.
You barely miss Natasha.
Your tail-slap misses Natasha.
Natasha is almost dead.
Natasha claws you.
* * * LOW HITPOINT WARNING * * *
You closely miss Natasha.
Natasha is almost dead.
Natasha stares at you and mumbles some strange words.
You feel as though you will be slow longer.
Natasha claws you but does no damage.
You barely miss Natasha.
Your tail-slap misses Natasha.
Natasha is almost dead.
Natasha closely misses you.
You hit Natasha.
Natasha is almost dead.
Natasha claws you.
You die...

#....########
#.##........#
#.##..#####.#
######.....# #.#
...>#####.######.#
.##.h............#
.##..####.########
.##..####.....####
.....##......÷5h@#
.......÷#####÷.#.#
.................#
.......###########
.......# ...>...#
.......# ....^..#
.......#


You could see Natasha and a white imp (summoned).

Vanquished Creatures
  2 adders
  2 bats (D:1)
  3 endoplasms (D:1)
  A giant cockroach (D:1)
  5 hobgoblins
  2 quokkas (D:1)
  2 ball pythons
  A frilled lizard (D:1)
  A kobold (D:1)
  A rat (D:1)
20 creatures vanquished.

Notes
Turn   | Place    | Note
-------+----------+-------------------------------------------
     0 | D:1      | themarg the Draconian Conjurer began the quest for the Orb.
     0 | D:1      | Reached XP level 1. HP: 14/14 MP: 3/3
   169 | D:1      | Found a faded altar of an unknown god.
   492 | D:1      | Reached XP level 2. HP: 20/20 MP: 0/5
   548 | D:1      | Learned a level 2 spell: Searing Ray
  1165 | D:2      | Noticed Terence
  1311 | D:2      | Reached XP level 3. HP: 20/26 MP: 1/6
  1570 | D:2      | Noticed Natasha
  1642 | D:2      | Slain by Natasha

Illustrated notes

Levels and vault maps discovered:
D:1:      dpeg_arrival_boxorama, layout_basic, basic_ecumenical_altar,
          serial_glass, glass_columns_c, glass_columns_a
D:2:      layout_basic, uniq_natasha, uniq_terence, uniq_robin

Skill      XL: |  1 |
---------------+----+-----
Stealth        | 2 |  2.3
Dodging        | 2 |  2.2
Spellcasting   | |  2.4
Conjurations   | |  4.2

Action                   || total
-------------------------++-------
Melee: Dagger            ||    40
       Tailslap          ||     1
 Cast: Magic Dart        ||    41
       Searing Ray       ||     3
Armor: Skin              ||    24
Dodge: Dodged            ||    30
